 Dungeon Crawl Stone Soup version 0.27.0-66-gdc8fb28755 (webtiles) character file.

Game seed: 15755204622308433033

4507 robertstho the Carver (level 10, -7/91 HPs)
             Began as a White Draconian Berserker on Aug 20, 2021.
             Was an Elder of Trog.
             Mangled by a boulder beetle (24 damage)
             ... on level 8 of the Dungeon.
             The game lasted 00:09:37 (8659 turns).

robertstho the Carver (White Draconian Berserker)   Turns: 8659, Time: 00:09:38

Health: -7/91      AC:  7    Str: 23    XL:     10   Next: 16%
Magic:  10/10      EV: 16    Int:  8    God:    Trog [****..]
Gold:   408        SH:  4    Dex: 16    Spells: 9/9 levels left

rFire    . . .     SeeInvis .   a - +0 falchion
rCold    + . .     Faith    .   B - +0 buckler
rNeg     . . .     Spirit   .   (armour unavailable)
rPois    .         Reflect  .   (helmet restricted)
rElec    .         Harm     .   (no cloak)
rCorr    +         Rampage  .   (no gloves)
Will     .....                  (no boots)
Stlth    +.........             (no amulet)
HPRegen  0.25/turn              e - ring of resist corrosion
MPRegen  0.12/turn              h - +6 ring of dexterity

@: on berserk cooldown, slowed, very slow
A: breathe frost, AC +7, unfitting armour, cold resistance 1, cold-blooded
a: Breathe Frost, Renounce Religion, Berserk, Trog's Hand, Brothers in Arms


You were on level 8 of the Dungeon.
You worshipped Trog.
Trog was greatly pleased with you.
You visited 1 branch of the dungeon, and saw 9 of its levels.

You collected 408 gold pieces.

Inventory:

Hand Weapons
 a - a +0 falchion (weapon)
Armour
 B - a +0 buckler (worn)
Jewellery
 e - a ring of resist corrosion (left hand)
 f - a ring of protection from fire
 h - a +6 ring of dexterity (right hand)
 r - an amulet of regeneration
 y - a ring of see invisible
Wands
 u - a wand of flame (6)
Scrolls
 b - 2 scrolls of magic mapping
 g - a scroll of noise {unknown}
 i - 2 scrolls of fog
 m - 2 scrolls of blinking {unknown}
 n - 4 scrolls of identify
 o - 3 scrolls of teleportation
 p - a scroll of amnesia {unknown}
 s - a scroll of immolation
 v - a scroll of enchant armour {unknown}
 x - a scroll of summoning {unknown}
Potions
 c - a potion of magic {unknown}
 d - a potion of flight {unknown}
 j - 4 potions of heal wounds
 k - 3 potions of lignification {unknown}
 l - 2 potions of invisibility {unknown}
 q - a potion of ambrosia {unknown}
 w - a potion of attraction {unknown}
 z - a potion of curing {unknown}
 A - 2 potions of cancellation {unknown}
 C - a potion of haste
Miscellaneous
 t - a phantom mirror (inert)


   Skills:
 * Level 9.3 Fighting
 + Level 9.6 Long Blades
 * Level 8.5 Dodging
 + Level 0.5 Shields


You had 9 spell levels left.
You didn't know any spells.
Your spell library was empty.

Dungeon Overview and Level Annotations

Branches:
Dungeon (9/15)             Temple (0/1) D:5
   Lair: D:8-11         Orc: D:9-12

Altars:
Gozag
Trog

Annotations:
D:3 1 runed translucent door, Tirrikindir's ghost, amateur OpFi
D:6 3 runed translucent doors, robertstho's ghost, novice TrFi


Innate Abilities, Weirdness & Mutations

You can breathe waves of freezing cold which knock back foes.
Your icy white scales are hard. (AC +7)
You cannot fit into any form of body armour.
Your flesh is cold resistant. (rC+)
You are cold-blooded and may be slowed by cold attacks.


Message History

Unknown command.
You are too injured to fight recklessly!
Unknown command.
You are too injured to fight recklessly!
Unknown command.
You are too injured to fight recklessly!
Unknown command.
You are too injured to fight recklessly!
Unknown command.
You are too injured to fight recklessly!
Unknown command.
Okay, then.
It was a potion of heal wounds.
You feel much better. The boulder beetle bites you!
A centaur warrior comes into view.
You block the boulder beetle's attack.
Aiming: Throw Flame
Press: ? - help, Shift-Dir - straight line, f - boulder beetle
Aim: a boulder beetle (moderately wounded, 100% to hit)
The puff of flame hits the boulder beetle.
The boulder beetle is heavily wounded.
An orc comes into view. It is wielding a +0 club.
The boulder beetle bites you! The boulder beetle closely misses you.
You riposte.
You hit the boulder beetle but do no damage.
You tail-slap the boulder beetle, but do no damage.
The boulder beetle is moderately wounded.
The boulder beetle bites you!
* * * LOW HITPOINT WARNING * * *
You climb upwards.
There is a stone staircase leading down here.
You feel much better.
The boulder beetle bites you but does no damage.
As you read the scroll labelled IPIGEXKAURPH, it crumbles to dust.
It is a scroll of identify.
o - 3 scrolls of teleportation The boulder beetle bites you!!
* * * LOW HITPOINT WARNING * * *
The boulder beetle bites you!!
You die...

...........[..........#.......#..
......................#.......#..
####...##...#######..##.......###
..##...##...####.##..#........#..
.......#.............#........#..
.......#.............#........#..
.......#.............#........#..
.......+.......B.....#........'..
'####..###...###@.####........##.
....#..###...###..#.......#######
....#...#.........#.......#....#.
....#...#.........#.......#....#.
....#...#.........#.......#....#.
....#...#.........#.......#....#.
....#...#.........#.......#....'.
....#...+.........#.......#....#.
....#...#######..##.......###.###


You could see a boulder beetle.

Vanquished Creatures
  Joseph (D:7)
  A gargoyle (D:5)
  Psyche (D:8)
  The ghost of bnorton916 the Magician, a novice DECj of Ashenzari (D:5)
  Prince Ribbit (D:8)
  2 yaks
  A hornet zombie (D:6)
  An ice beast (D:8)
  2 sky beasts (D:8)
  5 black bears
  3 centaurs
  A necrophage (D:7)
  2 ogres (D:4)
  2 kobold brigands
  A wyvern zombie (D:6)
  A water moccasin skeleton (D:5)
  6 killer bees (D:7)
  A wight (D:8)
  2 hounds
  A jelly (D:5)
  A centaur skeleton (D:6)
  2 iguanas
  An orc wizard (D:6)
  Natasha (twice) (D:2)
  A hound skeleton (D:4)
  A howler monkey zombie (D:6)
  Robin (D:4)
  6 adders
  A howler monkey skeleton (D:4)
  An adder skeleton (D:4)
  2 worms
  A dart slug (D:5)
  11 orcs
  3 endoplasms
  2 giant cockroaches (D:4)
  19 goblins
  15 hobgoblins
  9 jackals
  22 kobolds
  2 quokkas
  10 ball pythons
  7 bats
  3 frilled lizards
  6 rats
165 creatures vanquished.

Vanquished Creatures (collateral kills)
  5 yaks (D:8)
  A kobold brigand (D:8)
  A bullfrog (D:8)
  2 howler monkeys (D:8)
  2 orc wizards (D:8)
  2 orcs (D:8)
  3 kobolds (D:8)
16 creatures vanquished.

Vanquished Creatures (others)
  An orc wizard (D:4)
  4 plants (D:7)
5 creatures vanquished.

Grand Total: 186 creatures vanquished

Notes
Turn   | Place    | Note
-------+----------+-------------------------------------------
     0 | D:1      | robertstho the Draconian Berserker began the quest for the
                  | Orb.
     0 | D:1      | Reached XP level 1. HP: 19/19 MP: 1/1
   244 | D:1      | Reached XP level 2. HP: 26/26 MP: 2/2
  1061 | D:2      | Reached XP level 3. HP: 31/33 MP: 3/3
  1189 | D:2      | Found a faded altar of an unknown god.
  1394 | D:2      | Reached ** piety under Trog
  1482 | D:2      | Noticed Natasha
  1495 | D:2      | Killed Natasha
  1496 | D:2      | Reached XP level 4. HP: 34/40 MP: 4/4
  1617 | D:2      | Noticed Natasha
  1628 | D:2      | Killed Natasha
  2329 | D:3      | Reached XP level 5. HP: 47/47 MP: 5/5
  2371 | D:3      | Found a runed translucent door.
  2374 | D:3      | Noticed Tirrikindir's ghost (amateur OpFi)
  2614 | D:4      | Noticed Robin
  2843 | D:3      | Reached *** piety under Trog
  3081 | D:4      | Killed Robin
  3269 | D:4      | You fall into a shaft and drop 2 floors!
  3329 | D:6      | Noticed a black bear
  3340 | D:6      | Killed a black bear
  3341 | D:6      | Reached skill level 5 in Fighting
  3341 | D:6      | Reached XP level 6. HP: 29/56 MP: 6/6
  3674 | D:6      | Reached skill level 5 in Long Blades
  3834 | D:5      | Entered Level 5 of the Dungeon
  3887 | D:5      | Reached skill level 5 in Dodging
  3887 | D:5      | Your scales start taking on an icy white colour.
  3887 | D:5      | Reached XP level 7. HP: 50/61 MP: 7/7
  3887 | D:5      | Gained mutation: Your flesh is cold resistant. (rC+) [White
                  | Draconian growth]
  3951 | D:5      | Found a runed translucent door.
  3951 | D:5      | Noticed a gargoyle
  3952 | D:5      | Noticed bnorton916's ghost (novice DECj)
  4260 | D:5      | Found a staircase to the Ecumenical Temple.
  4618 | D:5      | Killed bnorton916's ghost
  4619 | D:5      | Reached XP level 8. HP: 71/71 MP: 8/8
  4625 | D:5      | Killed a gargoyle
  4835 | D:6      | Found a runed translucent gate.
  4835 | D:6      | Found a runed translucent gate.
  4835 | D:6      | Found a runed translucent gate.
  4837 | D:6      | Found an opulent altar of Gozag.
  4839 | D:6      | Noticed robertstho's ghost (novice TrFi)
  5562 | D:7      | Noticed Joseph
  5587 | D:7      | Killed Joseph
  5885 | D:7      | Reached XP level 9. HP: 80/80 MP: 9/9
  6007 | D:7      | Reached **** piety under Trog
  7143 | D:8      | Noticed Prince Ribbit
  7157 | D:8      | Killed Prince Ribbit
  7217 | D:8      | Found a bloodstained altar of Trog.
  7444 | D:8      | Noticed Psyche
  7453 | D:8      | Killed Psyche
  7840 | D:8      | Reached XP level 10. HP: 67/91 MP: 10/10
  8635 | D:9      | Noticed a boulder beetle
  8654 | D:9      | Noticed a centaur warrior
  8659 | D:8      | Mangled by a boulder beetle

Illustrated notes

Levels and vault maps discovered:
D:1:      wander_arrival_abandoned_jail, layout_basic, serial_aquarium,
          aquarium_bridge_square [aquarium_subvault_bridge,
          aquarium_subvault_wall, aquarium_subvault_bridge,
          aquarium_subvault_bridge], aquarium_window_fake,
          aquarium_window_corridor_1, aquarium_view_2a, aquarium_view_2c,
          aquarium_balcony_3a
D:2:      layout_basic, ebering_ecumenical_altar_box, uniq_natasha
D:3:      cheibrodos_greedy_goblins, layout_basic, ebering_ghost_sewer_d,
          item_on_display_a
D:4:      layout_gridville, kennysheep_potato, uniq_robin
D:5:      layout_gridville, minmay_temple_entry_junction,
          ebering_ghost_inner_flame, grunt_decor_junction,
          hangedman_decor_peaks_small, feat_on_display
D:6:      layout_gridville, ebering_ghost_gozag
D:7:      layout_rooms, serial_bayou_crossing, uniq_joseph
D:8:      layout_gridville, mainiacjoe_overflow_concentric_impassable,
          uniq_psyche, uniq_prince_ribbit1
D:9:      layout_basic, lair_entry_dummy, hangedman_decor_push

Skill      XL: |  1  2  3  4  5  6  7  8  9 |
---------------+----------------------------+-----
Dodging        | 3 4 5 7 8 |  8.5
Fighting       | 4 5 6 7 9 |  9.3
Long Blades    | 4 5 6 7 9 |  9.6
Shields        | |  0.5

Action                   |  1- 3 |  4- 6 |  7- 9 | 10-12 || total
-------------------------+-------+-------+-------+-------++-------
Melee: Falchion          |    81 |   152 |   286 |    59 ||   578
       Tailslap          |    13 |    35 |    62 |    17 ||   127
Invok: Berserk           |     2 |     7 |     7 |     3 ||    19
       Trog's Hand       |       |     1 |       |       ||     1
       Brothers in Arms  |       |       |     1 |       ||     1
Evoke: Phantom mirror    |       |       |     1 |       ||     1
       Wand              |       |       |       |     1 ||     1
  Use: Scroll            |       |     3 |       |     1 ||     4
       Potion            |       |       |       |     2 ||     2
 Stab: Sleeping          |       |     2 |     2 |       ||     4
       Distracted        |       |       |     1 |       ||     1
Armor: Skin              |    17 |    68 |    77 |    11 ||   173
Dodge: Dodged            |    51 |   134 |   220 |    28 ||   433
Block: Buckler           |       |       |    18 |     8 ||    26
       Rpst.: Falchion   |    13 |    39 |    44 |    11 ||   107
